 Dungeon Crawl Stone Soup version 0.30-a0-808-g6e0788376e (webtiles) character file.

Game seed: 1311232844367013982

319 cheesebisquit the Cutter (level 6, -1/44 HPs)
             Began as a Merfolk Gladiator on Feb 25, 2023.
             Slain by Terence
             ... wielding a +2 trident of venom
              (8 damage)
             ... on level 3 of the Dungeon.
             The game lasted 00:19:35 (3286 turns).

cheesebisquit the Cutter (Merfolk Gladiator)        Turns: 3286, Time: 00:19:36

Health: -1/44      AC:  4    Str: 14    XL:     6   Next: 45%
Magic:  6/6        EV: 14    Int:  7    God:
Gold:   124        SH:  0    Dex: 18    Spells: 5/5 levels left

rFire   . . .      SeeInvis .    a - +0 rapier
rCold   . . .      Faith    .    (no shield)
rNeg    . . .      Spirit   .    b - +0 leather armour
rPois   .          Reflect  .    c - +0 helmet
rElec   .          Harm     .    (no cloak)
rCorr   .          Rampage  .    (no gloves)
Will    .....                    (no boots)
Stlth   ++                       (no amulet)
HPRegen 0.27/turn                (no ring)
MPRegen 0.10/turn                (no ring)

@: lethally poisoned (-1 -> -8), attractive
A: (nimble swimmer 2), mertail
a: no special abilities


You were on level 3 of the Dungeon.
You visited 2 branches of the dungeon, and saw 7 of its levels.

You collected 269 gold pieces.
You spent 145 gold pieces at shops.

Inventory:

Hand Weapons
 a - a +0 rapier (weapon)
 e - a +3 falchion
Missiles
 m - a javelin
 q - 29 stones
 s - 3 boomerangs (quivered)
 t - 3 poisoned darts
Armour
 b - a +0 leather armour (worn)
 c - a +0 helmet (worn)
Scrolls
 f - a scroll of torment {unknown}
 g - a scroll of enchant armour {unknown}
 h - 2 scrolls of vulnerability {unknown}
 j - 2 scrolls of identify {unknown}
 l - a scroll of fear {unknown}
 n - a scroll of noise
 o - a scroll of blinking {unknown}
 p - 2 scrolls of magic mapping {unknown}
 r - a scroll of enchant weapon {unknown}
 u - a scroll of amnesia {unknown}
Potions
 d - a potion of flight {unknown}
 i - 2 potions of attraction
 k - a potion of lignification {unknown}
 v - a potion of mutation {unknown}
 w - a potion of magic {unknown}
 z - a potion of might {unknown}


   Skills:
 - Level 2.1 Fighting
 + Level 7.3 Short Blades
 - Level 2.0 Throwing
 - Level 5.1 Dodging
 - Level 2.5 Stealth


You had 5 spell levels left.
You didn't know any spells.
Your spell library contained the following spells:

 Spells                   Type           Power      Damage    Failure   Level
 Magic Dart               Conj           0%         1d3       52%         1
 Call Imp                 Summ           0%         N/A       65%         2
 Mephitic Cloud           Conj/Pois/Air  0%         N/A       87%         3


Dungeon Overview and Level Annotations

Branches:
Dungeon (6/15)             Temple (1/1) D:5

Altars:
Cheibriados
Fedhas
Hepliaklqana
Makhleb
Okawaru
Qazlal
Uskayaw
Wu Jian
Zin

Shops:
D:1 ***(*   D:6 (

Annotations:
D:3 Terence


Innate Abilities, Weirdness & Mutations

((You are very nimble when in or above water. (Stealth+, EV+, Speed+++)))
Your lower body shifts to a powerful aquatic tail in water.


Message History

Terence hits you from afar with a +2 trident of venom!
Terence closely misses you.
You closely miss Terence.
Terence hits you with a +2 trident of venom.
You are poisoned.
You hit Terence.
Terence is lightly wounded.
You feel very sick. Terence barely misses you.
You hit Terence but do no damage.
Terence is lightly wounded.
You feel sick.
Terence hits you with a +2 trident of venom.
You feel better.
Terence hits you with a +2 trident of venom.
You are poisoned.
You hit Terence.
Terence is lightly wounded.
You feel sick. Terence closely misses you.
You hit Terence but do no damage.
Terence is lightly wounded.
You feel sick. Terence attacks as you move away!
Terence hits you with a +2 trident of venom.
You are lethally poisoned!
* * * LOW HITPOINT WARNING * * *
You feel very sick. Terence closely misses you.
It was a potion of attraction.
You feel attractive to monsters.
* * * LOW HITPOINT WARNING * * *
You feel very sick. Terence completely misses you.
Terence is attracted toward you.
Unknown command.
Okay, then.
Terence attacks as you move away! Terence closely misses you.
* * * LOW HITPOINT WARNING * * *
You feel very sick.
Terence hits you from afar with a +2 trident of venom!
You die...

#######....)....#
.....
#..............##
....... #
#.####.........#
....... #
#.#'#######
....... # #.#.# #
#.#.# # #.#.# #
.<#.####### #
#.#@....... #
..#.####### .
###.@...# ##
#.#ยง....#
#.#####.# #.. ###


You could see Terence.

Vanquished Creatures
  A phantom (D:2)
  A wight (D:5)
  A hound (D:3)
  An iguana (D:5)
  3 adders
  3 gnolls (D:2)
  An ufetubus (D:2)
  2 worms (D:2)
  A dart slug (D:3)
  9 orcs
  6 ball pythons
  7 endoplasms
  A giant cockroach (D:3)
  2 goblins
  6 hobgoblins
  2 quokkas
  3 bats
  4 frilled lizards
  12 kobolds
  2 rats (D:2)
68 creatures vanquished.

Notes
Turn   | Place    | Note
-------+----------+-------------------------------------------
     0 | D:1      | cheesebisquit the Merfolk Gladiator began the quest for the
                  | Orb.
     0 | D:1      | Reached XP level 1. HP: 16/16 MP: 1/1
    98 | D:1      | Found Nober's Assorted Antiques.
   123 | D:1      | Reached skill level 4 in Short Blades
   129 | D:1      | Reached XP level 2. HP: 14/22 MP: 2/2
   398 | D:1      | Bought an emerald potion for 18 gold pieces
   518 | D:1      | Found Noros's Assorted Antiques.
   550 | D:1      | Found Naafajill's Antique Weapon Shoppe.
   595 | D:1      | Found Qiac Zao's General Store.
   606 | D:1      | Bought a potion of heal wounds for 60 gold pieces
   606 | D:1      | Bought a scroll of noise for 12 gold pieces
   633 | D:1      | Found Pir Link's General Store.
   773 | D:2      | Reached XP level 3. HP: 21/27 MP: 3/3
   826 | D:2      | Reached skill level 5 in Short Blades
  1179 | D:2      | Reached XP level 4. HP: 33/33 MP: 4/4
  1185 | D:2      | Reached skill level 6 in Short Blades
  1450 | D:2      | Noticed a phantom
  1471 | D:2      | Killed a phantom
  1472 | D:2      | Reached skill level 7 in Short Blades
  1472 | D:2      | Reached XP level 5. HP: 18/38 MP: 5/5
  1659 | D:1      | Bought a potion of heal wounds for 55 gold pieces
  1725 | D:3      | Found an iron altar of Okawaru.
  1725 | D:3      | Found a snail-covered altar of Cheibriados.
  1772 | D:3      | You fall into a shaft and drop 3 floors!
  1775 | D:6      | Found Moaddukhlo's Antique Weapon Boutique.
  1782 | D:5      | Entered Level 5 of the Dungeon
  1886 | D:5      | HP: 1/35 [wight/+3 falchion (4)]
  1898 | D:5      | Reached skill level 1 in Stealth
  1927 | D:5      | Reached XP level 6. HP: 20/44 MP: 6/6
  2170 | D:5      | Found a staircase to the Ecumenical Temple.
  2180 | Temple   | Entered the Ecumenical Temple
  2398 | D:3      | Reached skill level 5 in Dodging
  3275 | D:3      | Noticed Terence
  3286 | D:3      | Slain by Terence

Illustrated notes

Levels and vault maps discovered:
D:1:      psy_arrival_statuary, layout_basic, serial_shops, shop_coins,
          shop_fountains, shop, nicolae_shop_temple_entry_statues_fountains,
          shop
D:2:      layout_basic, st_stairs_13
D:3:      layout_basic, jmf_multi_god_temple, serial_shops,
          nicolae_diamond_shop, uniq_terence, uniq_grinder
D:4:      layout_gridville, nicolae_gozag_zags_fifth_avenue,
          gammafunk_ghost_necromancy
D:5:      layout_basic, minmay_temple_entry_waves, uniq_menkaure, uniq_duvessa
D:6:      layout_gridville, kennysheep_mini, yredelemnul_altar_generic,
          serial_shops, shop
Temple:   hellmonk_temple_of_storms

Skill      XL: |  1  2  3  4  5  6 |
---------------+-------------------+-----
Short Blades   | 4 5 7 |  7.3
Stealth        | 2 |  2.5
Dodging        | 5 |  5.1
Fighting       | |  2.1
Throwing       | |  2.0

Action                     |  1- 3 |  4- 6 || total
---------------------------+-------+-------++-------
  Melee: Rapier            |   104 |   148 ||   252
         Punch             |     1 |       ||     1
  Throw: Stone             |     7 |     3 ||    10
         Throwing net      |     7 |       ||     7
         Javelin           |     6 |     2 ||     8
         Boomerang         |       |    17 ||    17
    Use: Potion            |     1 |     7 ||     8
   Stab: Held in net/web   |     2 |       ||     2
         Sleeping          |       |     3 ||     3
 Armour: Leather armour    |    16 |    20 ||    36
  Dodge: Dodged            |    84 |    68 ||   152

Table legend: (Time is in decaauts)
 A = Elapsed time spent in this place.
 B = Non-inter-level travel time spent in this place.
 C = Inter-level travel time spent in this place.
 D = Time resting spent in this place.
 E = Time spent auto-exploring this place.
 F = Levels seen in this place.
 G = Mean time per level.
                   A        B        C        D        E       F      G
               +--------+--------+--------+--------+--------+-----+--------+
         Total |   3267 |   3141 |    126 |    719 |   1619 |   7 |  466.7 |
       Dungeon |   3226 |   3106 |    120 |    719 |   1591 |   6 |  537.7 |
        Temple |     40 |     34 |      6 |      0 |     28 |   1 |   40.0 |
               +--------+--------+--------+--------+--------+-----+--------+

Top non-repeatable levels by time:
     D:3: 987 daAuts
     D:2: 902 daAuts
     D:1: 789 daAuts
     D:5: 532 daAuts
  Temple: 40 daAuts
     D:6: 9 daAuts
     D:4: 4 daAuts
